 Dungeon Crawl Stone Soup version 0.30.0-13-g156ef70053 (webtiles) character file.

Game seed: 3022607142801056142

126 Damian the Chiller (level 4, -2/31 HPs)
             Began as a Demonspawn Ice Elementalist on May 17, 2023.
             Slain by a black bear (3 damage)
             ... on level 4 of the Dungeon.
             The game lasted 00:05:10 (794 turns).

Damian the Chiller (Demonspawn Ice Elementalist)     Turns: 794, Time: 00:05:10

Health: -2/31      AC:  2    Str:  8    XL:     4   Next: 83%
Magic:  1/8        EV: 13    Int: 18    God:
Gold:   55         SH:  0    Dex: 20    Spells: 3/9 levels left

rFire   . . .        (no weapon)
rCold   . . .        (no shield)
rNeg    . . .        a - +0 robe
rPois   .            (no helmet)
rElec   .            (no cloak)
rCorr   .            (no gloves)
SInv    .            (no boots)
Will    .....        (no amulet)
Stlth   ++           b - +6 ring of dexterity
HPRegen 0.25/turn    (no ring)
MPRegen 0.11/turn

%: no passive effects
@: lethally poisoned (-2 -> -4), freezing walls
A: hooves 1
a: no special abilities


You were on level 4 of the Dungeon.
You visited 1 branch of the dungeon, and saw 4 of its levels.

You collected 55 gold pieces.

Inventory:

Armour
 a - a +0 robe (worn)
Jewellery
 b - a +6 ring of dexterity (left hand)
 f - an amulet of faith
Potions
 c - 2 potions of flight


   Skills:
 * Level 0.7 Fighting
 * Level 0.5 Armour
 * Level 2.1 Dodging
 * Level 2.2 Stealth
 * Level 0.7 Unarmed Combat
 * Level 3.0 Spellcasting
 * Level 0.4 Translocations
 * Level 4.3 Ice Magic


You had 3 spell levels left.
You knew the following spells:

 Your Spells              Type           Power      Damage    Failure   Level
a - Freeze                Ice            72%        1d8       2%          1
b - Blink                 Tloc           8%         N/A       21%         2
c - Frozen Ramparts       Ice            36%        1d6       9%          3

Your spell library contained the following spells:

 Spells                   Type           Power      Damage    Failure   Level
 Ozocubu's Armour         Ice            18%        N/A       9%          3
 Summon Ice Beast         Ice/Summ       10%        N/A       54%         4
 Manifold Assault         Tloc           4%         N/A       80%         4
 Storm Form               Tmut/Air       1%         N/A       100%        7


Dungeon Overview and Level Annotations

Branches:
Dungeon (4/15)
 Temple: D:4-7

Altars:

Annotations:
D:3 Terence


Innate Abilities, Weirdness & Mutations

You have large cloven feet.


Message History

You feel very sick.
The wall freezes the scorpion but does no damage.
The scorpion closely misses you.
You hit the scorpion but do no damage.
The scorpion is almost dead.
You feel stable enough to blink again.
You feel sick.
The wall freezes the scorpion but does no damage.
The scorpion closely misses you.
The wall freezes the black bear.
You closely miss the scorpion.
The scorpion is almost dead.
You feel sick.
The wall freezes the scorpion.
You kill the scorpion!
Your Spellcasting skill increases to level 3!
Unknown command.
You feel sick.
A kobold comes into view.
It is wielding a +0 short sword and quivering poisoned darts.
The wall freezes the orc.
You feel sick.
An orc wizard comes into view. It is wielding a +0 dagger.
The wall freezes the black bear.
The black bear bites you but does no damage.
The black bear claws you.
* * * LOW HITPOINT WARNING * * *
The black bear claws you.
* * * LOW HITPOINT WARNING * * *
The wall freezes the orc.
An orc wizard comes into view. It is wielding a +0 dagger.
Okay, then.
As you read the scroll labelled DENGA MEJIU, it crumbles to dust.
It is a scroll of identify.
You don't currently have any unidentified items.
* * * LOW HITPOINT WARNING * * *
You feel sick.
The orc wizard shouts!
The orc wizard casts a spell.
The orc wizard flickers and vanishes!
Deactivating autopickup; reactivate with Ctrl-A.
The wall freezes the black bear.
The black bear bites you.
You die...

.......<........
.........#######.##
..###......<.......
####...†..##...
#.##....#
##.##....#
#.......#####.#
#.#+#h### .# #.@.#
. #.o.# .. ##..#
...# ##... ...K.
##... {.o#


You could see a black bear, an orc wizard (wandering), an orc and a kobold.

Vanquished Creatures
  A scorpion (D:4)
  4 adders
  4 orcs (D:3)
  A bat (D:1)
  2 endoplasms
  A giant cockroach (D:3)
  4 goblins
  A hobgoblin (D:1)
  3 kobolds (D:1)
  A quokka (D:1)
  3 ball pythons (D:1)
  3 frilled lizards
  A rat (D:1)
29 creatures vanquished.

Notes
Turn   | Place    | Note
-------+----------+-------------------------------------------
     0 | D:1      | Damian the Demonspawn Ice Elementalist began the quest for
                  | the Orb.
     0 | D:1      | Reached XP level 1. HP: 13/13 MP: 3/3
   217 | D:1      | Gained mutation: You have large cloven feet. [demonic
                  | ancestry]
   217 | D:1      | Reached XP level 2. HP: 19/19 MP: 1/5
   402 | D:2      | Reached skill level 4 in Ice Magic
   426 | D:2      | Learned a level 2 spell: Blink
   472 | D:3      | Reached XP level 3. HP: 24/24 MP: 3/6
   476 | D:3      | Learned a level 3 spell: Frozen Ramparts
   556 | D:3      | Noticed Terence
   745 | D:4      | Reached XP level 4. HP: 31/31 MP: 5/8
   774 | D:4      | Noticed a black bear
   785 | D:4      | Noticed a scorpion
   791 | D:4      | Killed a scorpion
   794 | D:4      | HP: 1/31 [poisoned by a scorpion]
   794 | D:4      | Slain by a black bear

Illustrated notes

Levels and vault maps discovered:
D:1:      matt_arrival_los_fun, layout_rooms, serial_shops, nicolae_shop_crystal
D:2:      layout_loops_cross
D:3:      layout_basic, nicolae_half_adder, uniq_terence
D:4:      layout_basic, nicolae_overflow_two_pavilions,
          minmay_temple_entry_slanted

Skill      XL: |  1  2  3  4 |
---------------+-------------+-----
Ice Magic      | 4 |  4.3
Dodging        | 2 |  2.1
Stealth        | 2 |  2.2
Spellcasting   | 3 |  3.0
Fighting       | |  0.7
Armour         | |  0.5
Unarmed Combat | |  0.7
Translocations | |  0.4

Action                     |  1- 3 |  4- 6 || total
---------------------------+-------+-------++-------
  Melee: Unarmed           |    11 |     2 ||    13
         Kick              |     5 |       ||     5
   Cast: Freeze            |    39 |     3 ||    42
         Frozen Ramparts   |     1 |     1 ||     2
         Blink             |       |     1 ||     1
    Use: Potion            |     2 |       ||     2
         Scroll            |     1 |     1 ||     2
 Armour: Robe              |     5 |     1 ||     6
  Dodge: Dodged            |    22 |     2 ||    24
